 Dungeon Crawl Stone Soup version 0.25-a0-734-g73332aeda9 (webtiles) character file.

Game seed: 5601641104494393601, levelgen mode: deterministic

68 Error4North the Skirmisher (level 4, -1/37 HPs)
             Began as a Demonspawn Berserker on Apr 10, 2020.
             Was a Follower of Trog.
             Slain by an iron imp (4 damage)
             ... summoned by Natasha
             ... on level 1 of the Dungeon.
             The game lasted 00:07:44 (1177 turns).

Error4North the Skirmisher (Demonspawn Berserker)   Turns: 1177, Time: 00:07:45

Health: -1/37      AC:  8    Str: 18    XL:     4   Next: 1%
Magic:  4/4        EV:  8    Int:  8    God:    Trog [*.....]
Gold:   89         SH:  0    Dex: 13    Spells: 3/3 levels left

rFire    . . .     SeeInvis .   a - +0 hand axe
rCold    . . .     Gourm    .   (no shield)
rNeg     . . .     Faith    .   e - +0 chain mail
rPois    .         Spirit   .   (no helmet)
rElec    .         Reflect  .   (no cloak)
rCorr    +         Harm     .   (no gloves)
MR       .....                  (no boots)
Stlth    ..........             k - amulet of the acrobat
HPRegen  0.12/turn              b - ring of resist corrosion
MPRegen  0.09/turn              (no ring)

@: berserk cooldown, slowed, very slow
A: hooves 1, powered by death 1
a: Berserk, Renounce Religion


You were on level 1 of the Dungeon.
You worshipped Trog.
Trog was aware of your devotion.
You were near starving.

You visited 1 branch of the dungeon, and saw 2 of its levels.

You collected 89 gold pieces.

Inventory:

Hand Weapons
 a - a +0 hand axe (weapon)
Armour
 e - a +0 chain mail (worn)
Jewellery
 b - a ring of resist corrosion (left hand)
 k - an amulet of the acrobat (around neck)
Scrolls
 d - 2 scrolls of magic mapping {unknown}
 g - a scroll of fog {unknown}
 l - a scroll of blinking {unknown}
 m - a scroll of identify {unknown}
Potions
 f - a potion of resistance {unknown}
 h - a potion of might {unknown}
 i - a potion of flight {unknown}
 j - a potion of degeneration {unknown}
Comestibles
 c - 2 rations


   Skills:
 + Level 3.8 Fighting
 + Level 3.4 Axes
 * Level 2.3 Armour
 + Level 2.0 Dodging


You had 3 spell levels left.
You didn't know any spells.
Your spell library was empty.

Dungeon Overview and Level Annotations

Branches:
Dungeon (2/15)

Altars:

Annotations:
D:1 Natasha


Innate Abilities, Weirdness & Mutations

You have large cloven feet.
You regenerate a little health from kills.


Message History

Natasha is lightly wounded.
Natasha mumbles some strange words.
You hit Natasha. Your kick misses Natasha.
Natasha is moderately wounded.
Natasha mumbles some strange words.
Natasha claws you but does no damage.
You hit Natasha. You kick Natasha, but do no damage.
Natasha is severely wounded.
You hit the iron imp. Natasha barely misses you. The iron imp hits you.
* * * LOW HITPOINT WARNING * * *
Natasha barely misses you.
You hit Natasha but do no damage. Your kick misses Natasha.
Natasha is severely wounded.
You hit the iron imp. The iron imp barely misses you. Natasha claws you.
* * * LOW HITPOINT WARNING * * *
The white imp gestures at you. The puff of frost hits you.
* * * LOW HITPOINT WARNING * * *
The iron imp hits you.
You die...

#.#######.####### #.# #.........#
#.# #.........# #######
#.#####.....)...# #......
########.##............# #.#####
.......).##.#..........# #.#....
...########.#..........# #.#.#.#
...†#######.#...5......# #.#....
....#.......#..h@......# #.[....
....#.......#..5.......##########
###.#.........###................
#.#.......###..................
#.#.......###........###.......
#.#.................## ##......
###.##########........# #......
.....# #........## ##......
.....# #.........###.......


You could see an iron imp, Natasha and a white imp.

Vanquished Creatures
  Natasha (D:1)
  An adder (D:2)
  An ooze (D:1)
  2 dart slugs
  2 leopard geckos (D:1)
  8 bats
  A giant cockroach (D:1)
  A goblin (D:1)
  5 hobgoblins
  4 kobolds
  A rat (D:1)
27 creatures vanquished.

Notes
Turn   | Place    | Note
-------+----------+-------------------------------------------
     0 | D:1      | Error4North the Demonspawn Berserker began the quest for
                  | the Orb.
     0 | D:1      | Reached XP level 1. HP: 18/18 MP: 1/1
   249 | D:1      | Gained mutation: You have large cloven feet. [demonic
                  | ancestry]
   249 | D:1      | Reached XP level 2. HP: 19/24 MP: 2/2
   598 | D:1      | You fall into a shaft and drop 1 floor!
   622 | D:2      | Gained mutation: You regenerate a little health from kills.
                  | [demonic ancestry]
   622 | D:2      | Reached XP level 3. HP: 22/29 MP: 3/3
  1143 | D:2      | Noticed Natasha
  1157 | D:1      | Killed Natasha
  1157 | D:1      | Reached XP level 4. HP: 19/37 MP: 4/4
  1169 | D:1      | Noticed Natasha
  1177 | D:1      | Slain by an iron imp

Levels and vault maps discovered:
D:1:      minmay_arrival_four_circles, layout_basic
D:2:      layout_rooms, nicolae_qazlal_general_emergency,
          chequers_ecumenical_altar_twisty, first_ration, uniq_natasha,
          uniq_jessica, uniq_terence

Skill      XL: |  1  2  3 |
---------------+----------+-----
Axes           | 3 |  3.4
Armour         | 2 |  2.3
Dodging        | 2 |  2.0
Fighting       | |  3.8

Action                   |  1- 3 |  4- 6 || total
-------------------------+-------+-------++-------
Melee: Hand axe          |    91 |     5 ||    96
       Kick              |    11 |     1 ||    12
Invok: Berserk           |     3 |       ||     3
  Eat: Chunk             |     2 |       ||     2
Armor: Animal skin       |     1 |       ||     1
       Chain mail        |    70 |     1 ||    71
Dodge: Dodged            |    69 |     6 ||    75

Table legend:
 A = Non-vault XP
 B = Vault XP
 C = Vault XP percentage of total XP
 D = Non-vault monster count
 E = Vault monster count
 F = Vault count percentage of total count
                 A         B        C        D         E       F
            +---------+---------+-------+---------+---------+-------
      Total |      65 |      33 |  33.7 |      26 |       1 |   3.7
            +---------+---------+-------+---------+---------+-------
        D:1 |      38 |      33 |  46.5 |      18 |       1 |   5.3
        D:2 |      27 |       0 |   0.0 |       8 |       0 |   0.0
            +---------+---------+-------+---------+---------+-------
